 Dungeon Crawl Stone Soup version 0.24-a0-441-g27f0392 (webtiles) character file.

Game seed: 6414707721808089768

436 Alex the Cudgeler (level 6, -4/52 HPs)
             Began as a Minotaur Fighter on June 21, 2019.
             Killed from afar by Sigmund (5 damage)
             ... with a magic dart
             ... on level 4 of the Dungeon.
             The game lasted 00:07:00 (3144 turns).

Alex the Cudgeler (Minotaur Fighter)                Turns: 3144, Time: 00:07:00

Health: -4/52      AC:  9    Str: 20    XL:     6   Next: 69%
Magic:  5/5        EV:  6    Int:  5    God:
Gold:   123        SH: 10    Dex: 12    Spells: 5/5 levels left

rFire    . . .     SeeInvis .   a - +0 flail
rCold    + . .     Gourm    .   c - +0 shield
rNeg     . . .     Faith    .   t - +0 chain mail
rPois    .         Spirit   .   (helmet restricted)
rElec    .         Reflect  .   (no cloak)
rCorr    .         Harm     .   (no gloves)
MR       +....                  (no boots)
Stlth    ..........             (no amulet)
HPRegen  0.17/turn              h - ring of protection from magic
MPRegen  0.09/turn              w - ring of protection from cold

@: no status effects
A: retaliatory headbutt, horns 2
a: no special abilities


You were on level 4 of the Dungeon.
You were hungry.

You visited 1 branch of the dungeon, and saw 4 of its levels.

You collected 123 gold pieces.

Inventory:

Hand Weapons
 a - a +0 flail (weapon)
Missiles
 g - 189 stones (quivered)
Armour
 b - a +0 scale mail
 c - a +0 shield (worn)
 t - a +0 chain mail (worn)
Jewellery
 h - a ring of protection from magic (left hand)
 s - an uncursed ring of resist corrosion
 u - an uncursed amulet of faith
 w - a ring of protection from cold (right hand)
Scrolls
 e - a scroll of fog {unknown}
 i - a scroll of immolation {unknown}
 j - 2 scrolls of magic mapping {unknown}
 m - a scroll of enchant armour {unknown}
 p - 3 scrolls of identify {unknown}
 q - a scroll of teleportation {unknown}
Potions
 d - a potion of might
 k - 2 potions of mutation {unknown}
 l - 2 potions of ambrosia {unknown}
 n - a potion of resistance {unknown}
 o - 2 potions of agility {unknown}
 r - a potion of curing {unknown}
 v - a potion of degeneration {unknown}
 z - a potion of flight {unknown}
Comestibles
 f - 8 rations
 x - 6 chunks of flesh


   Skills:
 - Level 4.0 Fighting
 * Level 6.9 Maces & Flails
 + Level 4.9 Armour
 - Level 1.0 Dodging
 + Level 5.0 Shields


You had 5 spell levels left.
You didn't know any spells.
Your spell library was empty.

Dungeon Overview and Level Annotations

Branches:
Dungeon (4/15)
 Temple: D:4-7

Altars:
Ashenzari
Wu Jian

Annotations:
D:4 Sigmund


Innate Abilities, Weirdness & Mutations

You reflexively headbutt those who attack you in melee.
You have a pair of horns on your head.


Message History

Something hits you but does no damage.
You closely miss something.
You hear a zap.
A puff of flame appears from out of thin air!
The puff of flame hits you.
* * * LOW HITPOINT WARNING * * *
You closely miss something.
You hear some strange, mumbled words.
A magic dart appears from out of thin air!
The magic dart hits you but does no damage.
You hit something. You headbutt something.
You hear some strange, mumbled words.
A magic dart appears from out of thin air!
The magic dart hits you!
* * * LOW HITPOINT WARNING * * *
You miss something.
The orc throws a boomerang.
The weapon returns to the orc!
You hear some strange, mumbled words.
A magic dart appears from out of thin air!
The magic dart hits you.
You die...

... .>#.###....
###. ..#
#...#####_#####.
#...###.o...###.
#.............
#.#.#.###.#### .
#.#.#.#.....# #
#.....#.#####
#<#{# #.#@#
#.#.# #.#.#
#.#.######
#..###
#.#......#
#..#..
#.######.#
#..#.# #.# #.#
#..#.# #.# #.#
#####>#.### #.#
#.#


You could see an orc.

Vanquished Creatures
  An ogre (D:4)
  A water moccasin skeleton (D:4)
  A hound (D:4)
  A centaur skeleton (D:4)
  2 worker ants (D:4)
  9 adders
  An ooze (D:2)
  A worm (D:2)
  3 dart slugs
  3 leopard geckos
  14 orcs
  2 ball pythons
  A giant cockroach (D:3)
  9 goblins
  7 hobgoblins
  7 jackals
  A quokka (D:4)
  6 bats
  5 frilled lizards
  15 kobolds
  A quokka skeleton (D:4)
  6 rats
97 creatures vanquished.

Notes
Turn   | Place    | Note
-------+----------+-------------------------------------------
     0 | D:1      | Alex the Minotaur Fighter began the quest for the Orb.
     0 | D:1      | Reached XP level 1. HP: 19/19 MP: 0/0
   162 | D:1      | Reached XP level 2. HP: 27/27 MP: 1/1
   411 | D:1      | Reached skill level 3 in Maces & Flails
   483 | D:1      | Reached XP level 3. HP: 33/33 MP: 2/2
  1293 | D:2      | Reached skill level 4 in Maces & Flails
  1293 | D:2      | Reached XP level 4. HP: 40/40 MP: 3/3
  1896 | D:3      | Reached XP level 5. HP: 39/46 MP: 4/4
  2082 | D:3      | Reached skill level 5 in Maces & Flails
  2082 | D:3      | Reached skill level 1 in Dodging
  2208 | D:3      | Found an ornate altar of the Wu Jian Council.
  2880 | D:4      | Reached skill level 6 in Maces & Flails
  2880 | D:4      | Reached XP level 6. HP: 49/52 MP: 5/5
  2985 | D:4      | Reached skill level 5 in Shields
  3108 | D:4      | Found a shattered altar of Ashenzari.
  3111 | D:4      | Noticed Sigmund
  3143 | D:4      | HP: 1/52 [something/magic dart (8)]
  3144 | D:4      | Killed from afar by Sigmund

Levels and vault maps discovered:
D:1:      nagdon_arrival_zigzag_paths, layout_loops_ring
D:2:      layout_basic
D:3:      layout_basic, lemuel_coloured_pillars_altar
D:4:      layout_basic, cheibrodos_ashenzari_chains, uniq_sigmund

Skill      XL: |  1  2  3  4  5  6 |
---------------+-------------------+-----
Shields        | 4 5 |  5.0
Maces & Flails | 3 4 6 |  6.9
Armour         | 4 |  4.9
Fighting       | 4 |  4.0
Dodging        | 1 |  1.0

Action                   |  1- 3 |  4- 6 || total
-------------------------+-------+-------++-------
Melee: Flail             |    98 |   191 ||   289
       Headbutt          |    14 |    24 ||    38
  Eat: Chunk             |     1 |     6 ||     7
Armor: Scale mail        |    49 |    15 ||    64
       Chain mail        |       |    75 ||    75
Dodge: Dodged            |    25 |    38 ||    63
Block: Shield            |    45 |    97 ||   142

Table legend:
 A = Non-vault XP
 B = Vault XP
 C = Vault XP percentage of total XP
 D = Non-vault monster count
 E = Vault monster count
 F = Vault count percentage of total count
                 A         B        C        D         E       F
            +---------+---------+-------+---------+---------+-------
      Total |     624 |       0 |   0.0 |      97 |       0 |   0.0
            +---------+---------+-------+---------+---------+-------
        D:1 |      46 |       0 |   0.0 |      26 |       0 |   0.0
        D:2 |      96 |       0 |   0.0 |      22 |       0 |   0.0
        D:3 |     106 |       0 |   0.0 |      32 |       0 |   0.0
        D:4 |     376 |       0 |   0.0 |      17 |       0 |   0.0
            +---------+---------+-------+---------+---------+-------
